 Dungeon Crawl Stone Soup version 0.29-a0-887-gcbe080d7e0 (webtiles) character file.

Game seed: 9884179483575119663

16557 Gwenloh the Covert (level 12, -19/65 HPs)
             Began as a Spriggan Hunter on July 20, 2022.
             Was an Elder of Fedhas.
             Killed by refrigeration
             ... invoked by Fannar
              (24 damage)
             ... on level 3 of the Lair of Beasts on July 22, 2022.
             The game lasted 00:46:55 (10961 turns).

Gwenloh the Covert (Spriggan Hunter)               Turns: 10961, Time: 00:46:55

Health: -19/65     AC:  8    Str: 13    XL:     12   Next: 11%
Magic:  16/16      EV: 28    Int: 12    God:    Fedhas [****..]
Gold:   580        SH:  0    Dex: 22    Spells: 11/11 levels left

rFire   . . .      SeeInvis +   b - +7 Throatcutter {drain, coup de grace}
rCold   . . .      Faith    .   (no shield)
rNeg    + + .      Spirit   .   A - +3 troll leather armour {Pargi}
rPois   .          Reflect  .   (helmet restricted)
rElec   .          Harm     .   H - +0 cloak
rCorr   .          Rampage  .   (gloves unavailable)
Will    +++..                   (boots unavailable)
Stlth   ++++++....              K - amulet of regeneration
HPRegen 1.80/turn               z - ring "Gunetoupt" {rN++ Str+6}
MPRegen 0.15/turn               B - ring of willpower

@: very quick
A: very small, no large weapons, unfitting armour, see invisible, speed 3
a: Renounce Religion, Wall of Briars, Grow Ballistomycete, Overgrow


You were on level 3 of the Lair of Beasts.
You worshipped Fedhas.
Fedhas was greatly pleased with you.
You visited 3 branches of the dungeon, and saw 12 of its levels.

You collected 580 gold pieces.

Inventory:

Hand Weapons
 a - a +0 shortbow
 b - the +7 Throatcutter (weapon) {drain, coup de grace}
   (You found it on level 4 of the Dungeon)

   A truly terrible weapon, it drains the life of any living foe it strikes.
   It may instantly kill foes which have little health.
 m - a +2 dagger of venom
 t - a +1 scimitar of flaming
Armour
 e - an orb of guile
 A - a +3 troll leather armour (worn) {Pargi}
 H - a +0 cloak (worn)
 N - +0 gold dragon scales
Jewellery
 z - the ring "Gunetoupt" (left hand) {rN++ Str+6}
   (You found it on level 3 of the Dungeon)

   [ring of strength]

   Str:       It affects your strength (+6).
   rN:        It greatly protects you from negative energy.
 B - a ring of willpower (right hand)
 K - an amulet of regeneration (around neck)
 M - a +4 ring of slaying
Wands
 C - a wand of paralysis (11)
 G - a wand of roots (16)
 L - a wand of polymorph (5)
Scrolls
 c - 3 scrolls of teleportation
 h - 3 scrolls of vulnerability
 i - 3 scrolls of magic mapping
 j - 2 scrolls of immolation
 l - 2 scrolls of silence
 o - 4 scrolls of noise
 p - a scroll of blinking
 u - a scroll of summoning
 y - 3 scrolls of fog
 D - a scroll of amnesia
 E - a scroll of poison
Potions
 d - a potion of resistance
 f - 2 potions of heal wounds {unknown}
 g - 2 potions of brilliance {unknown}
 k - 3 potions of flight {unknown}
 n - 2 potions of magic {unknown}
 q - a potion of berserk rage {unknown}
 r - a potion of might {unknown}
 s - 6 potions of curing
 v - 5 potions of attraction {unknown}
 w - a potion of mutation {unknown}
 x - 3 potions of lignification {unknown}
 F - 2 potions of haste {unknown}
 I - a potion of cancellation {unknown}
Miscellaneous
 J - a phial of floods


   Skills:
 + Level 8.3 Fighting
 + Level 10.6 Ranged Weapons
 + Level 12.9 Dodging
 + Level 14.8 Stealth
 + Level 4.6 Invocations


You had 11 spell levels left.
You didn't know any spells.
Your spell library contained the following spells:

 Spells                   Type           Power      Damage    Failure   Level
 Beastly Appendage        Tmut           0%         N/A       38%         1
 Sandblast                Erth           0%         2d4       38%         1
 Blink                    Tloc           0%         N/A       54%         2
 Passwall                 Tmut/Erth      0%         N/A       54%         2
 Wereblood                Tmut           0%         N/A       54%         2
 Conjure Flame            Conj/Fire      0%         6-21      77%         3
 Gell's Gravitas          Tloc           0%         N/A       77%         3
 Ignite Poison            Fire/Tmut/Pois 0%         N/A       77%         3
 Lesser Beckoning         Tloc           0%         N/A       77%         3
 Spider Form              Tmut/Pois      0%         N/A       77%         3
 Stone Arrow              Conj/Erth      0%         3d7       77%         3
 Teleport Other           Tloc           0%         N/A       77%         3
 Airstrike                Air            0%         0-1+      99%         4
 Hailstorm                Conj/Ice       0%         3d3       99%         4
 Ice Form                 Ice/Tmut       0%         N/A       99%         4
 Sticky Flame             Conj/Fire      0%         2d3       99%         4
 Summon Lightning Spire   Summ/Air       0%         N/A       99%         4
 Fireball                 Conj/Fire      0%         3d3       100%        5
 Lightning Bolt           Conj/Air       0%         1d11      100%        5
 Manifold Assault         Tloc           0%         N/A       100%        5
 Simulacrum               Ice/Necr       0%         N/A       100%        6
 Starburst                Conj/Fire      0%         6d3       100%        6
 Ignition                 Fire           0%         3d3       100%        8


Dungeon Overview and Level Annotations

Branches:
Dungeon (8/15)             Temple (1/1) D:4            Lair (3/5) D:8
  Swamp: Lair:2-3    Shoals: Lair:2-3     Snake: Lair:2-3    Spider: Lair:2-3

Altars:
Ashenzari
Dithmenos
Elyvilon
Fedhas
Gozag
Hepliaklqana
Kikubaaqudgha
Makhleb
Nemelex Xobeh
Okawaru
Qazlal
Ru
Sif Muna
Trog
Uskayaw
Vehumet
Wu Jian
Xom
Yredelemnul
Zin
The Shining One

Shops:
D:5 =   D:7 =

Annotations:
Lair:3 Fannar


Innate Abilities, Weirdness & Mutations

You are very small and have problems with some larger weapons.
You are too small for most types of armour.
You have supernaturally acute eyesight. (SInv)
You cover ground extremely quickly. (Speed+++)


Message History

The ice beast misses you.
You closely miss Fannar.
Fannar is heavily wounded.
Fannar hits you with a +0 quarterstaff of freezing.
Fannar freezes you. The ice beast closely misses you.
Unknown command.
You barely miss Fannar.
Fannar is heavily wounded.
Fannar completely misses you. The ice beast barely misses you.
The ice beast misses you.
You miss Fannar.
Fannar is heavily wounded.
Fannar hits you with a +0 quarterstaff of freezing.
Fannar freezes you.
You closely miss Fannar.
Fannar is heavily wounded.
Fannar casts a spell at you. The bolt of cold hits you!!!
Ouch! That really hurt!
* * * LOW HITPOINT WARNING * * *
Fannar completely misses you.
You barely miss Fannar.
Fannar is heavily wounded.
Fannar murmurs some mystic words to themself.
Fannar closely misses you.
You completely miss Fannar.
Fannar is heavily wounded.
Fannar says, "Does this not give you the chills?"
Fannar closely misses you.
You slash Fannar!
Fannar is heavily wounded.
Fannar seems less drained.
Fannar hits you with a +0 quarterstaff of freezing!
* * * LOW HITPOINT WARNING * * *
Fannar freezes you.
* * * LOW HITPOINT WARNING * * *
Fannar casts a spell.
Fannar drains the heat from the surrounding environment!
You die...
Fedhas appreciates your contribution to the ecosystem.

##### #...## #.#..###
##.##...# # #
##...#.###
#≈#≈#...##..##
#P≈P...Y#.@..#
≈≈≈≈P≈P.##e.##
P≈≈♣P≈PY##..#
≈♣♣♣♣≈P..#..#
♣≈≈P...## ♣♣≈P.#.## .
♣♣♣♣≈P.#..######
h≈♣PP≈≈≈P..###...####
.P≈≈≈≈≈...........#.#


You could see Fannar.

Vanquished Creatures
  2 hydras
  A two-headed ogre (D:8)
  Erica (D:8)
  Amaemon (Lair:1)
  Pikel (D:8)
  4 elephants (Lair:1)
  An orange demon (Lair:2)
  A rime drake (Lair:2)
  2 cane toads
  Psyche (D:8)
  3 komodo dragons
  A hornet (D:6)
  Sigmund (D:4)
  5 wyverns
  20 yaks
  Eustachio (D:4)
  Edmund (D:6)
  7 water moccasins
  Pargi (D:3)
  3 sky beasts
  2 orc warriors
  An ice beast (D:6)
  2 black bears
  4 ogres (D:5)
  11 wolves
  4 centaurs
  A phantom (D:4)
  2 kobold brigands
  2 lemures (D:8)
  4 bullfrogs
  3 necrophages
  2 scorpions
  12 wights
  4 killer bees
  2 howler monkeys
  7 hounds
  A jelly (D:4)
  A gnoll bouda (D:5)
  2 iguanas (D:5)
  7 orc wizards
  7 gnolls
  7 adders
  2 worms
  3 dart slugs
  28 orcs
  A ball python (D:4)
  9 endoplasms
  A giant cockroach (D:1)
  7 hobgoblins
  7 jackals
  6 quokkas
  3 bats
  8 frilled lizards
  8 goblins
  18 kobolds
  4 rats (D:1)
251 creatures vanquished.

Vanquished Creatures (collateral kills)
  A wolf (Lair:2)
  2 ballistomycete spores (Lair:2)
3 creatures vanquished.

Vanquished Creatures (others)
  6 fungi
  74 plants
80 creatures vanquished.

Grand Total: 334 creatures vanquished

Notes
Turn   | Place    | Note
-------+----------+-------------------------------------------
     0 | D:1      | Gwenloh the Spriggan Hunter began the quest for the Orb.
     0 | D:1      | Reached XP level 1. HP: 10/10 MP: 2/2
    65 | D:1      | Found a faded altar of an unknown god.
   242 | D:1      | Reached skill level 2 in Stealth
   274 | D:1      | Reached XP level 2. HP: 15/15 MP: 3/3
   932 | D:2      | Reached XP level 3. HP: 18/18 MP: 4/4
   960 | D:2      | Reached skill level 3 in Stealth
  1326 | D:2      | Reached XP level 4. HP: 23/23 MP: 5/5
  2117 | D:3      | Identified the ring "Gunetoupt" {rN++ Str+6}
  2729 | D:4      | Noticed Pargi
  2791 | D:4      | Noticed Sigmund
  3137 | D:3      | Killed Pargi
  3138 | D:3      | Reached skill level 4 in Stealth
  3138 | D:3      | Reached XP level 5. HP: 13/27 MP: 6/6
  3348 | D:4      | Killed Sigmund
  3349 | D:4      | Reached skill level 5 in Ranged Weapons
  3349 | D:4      | Reached skill level 5 in Dodging
  3349 | D:4      | Reached skill level 5 in Stealth
  3349 | D:4      | Reached XP level 6. HP: 32/32 MP: 7/7
  3559 | D:4      | Reached XP level 7. HP: 23/36 MP: 8/8
  3596 | D:3      | Reached skill level 6 in Stealth
  3752 | D:4      | Noticed Eustachio
  3840 | D:4      | Found the +7 Throatcutter {drain, coup de grace}
  3965 | D:4      | Killed Eustachio
  3966 | D:4      | Reached skill level 7 in Stealth
  4024 | D:4      | Found a staircase to the Ecumenical Temple.
  4031 | Temple   | Entered the Ecumenical Temple
  4229 | Temple   | Upgraded the game from 0.29-a0-885-gb26ba3297d to
                  | 0.29-a0-887-gcbe080d7e0
  4352 | D:4      | Found an opulent altar of Gozag.
  4382 | D:4      | Found a blossoming altar of Fedhas.
  4388 | D:4      | Became a worshipper of Fedhas Madash
  4480 | D:5      | Entered Level 5 of the Dungeon
  4596 | D:5      | Reached XP level 8. HP: 31/42 MP: 9/9
  4765 | D:4      | Reached skill level 8 in Stealth
  4875 | D:5      | Found Zaojann's Jewellery Shop.
  5060 | D:5      | Found a glowing golden altar of the Shining One.
  5060 | D:5      | Found a glowing silver altar of Zin.
  5061 | D:5      | Found a white marble altar of Elyvilon.
  5214 | D:5      | Reached * piety under Fedhas
  5288 | D:5      | Reached skill level 5 in Fighting
  5288 | D:5      | Reached skill level 9 in Stealth
  5441 | D:6      | Reached XP level 9. HP: 31/47 MP: 10/10
  5700 | D:6      | Found a broken altar of Ashenzari.
  5705 | D:6      | Reached skill level 10 in Stealth
  5898 | D:6      | Noticed Edmund
  5904 | D:6      | Killed Edmund
  6202 | D:7      | Reached ** piety under Fedhas
  6216 | D:7      | Found a radiant altar of Vehumet.
  6391 | D:7      | Reached skill level 11 in Stealth
  6545 | D:7      | Reached XP level 10. HP: 53/53 MP: 11/11
  6748 | D:7      | Reached skill level 10 in Dodging
  6805 | D:7      | Found a hide-covered altar of Uskayaw.
  6868 | D:7      | Found Cecraat's Jewellery Shoppe.
  7093 | D:7      | Found a bloodstained altar of Trog.
  7271 | D:8      | Found a staircase to the Lair.
  7307 | D:8      | Noticed Psyche
  7347 | D:8      | Killed Psyche
  7490 | D:8      | Reached skill level 12 in Stealth
  7496 | D:8      | Noticed Erica
  7516 | D:8      | Killed Erica
  7536 | D:8      | Reached *** piety under Fedhas
  7728 | D:8      | Noticed Pikel
  7759 | D:8      | Killed Pikel
  7760 | D:8      | Reached skill level 13 in Stealth
  7949 | D:8      | Noticed a two-headed ogre
  7979 | D:8      | Killed a two-headed ogre
  7980 | D:8      | Reached XP level 11. HP: 58/58 MP: 8/12
  8149 | D:8      | Reached skill level 1 in Invocations
  8462 | Lair:1   | Entered Level 1 of the Lair of Beasts
  9034 | Lair:1   | Reached skill level 10 in Ranged Weapons
  9595 | Lair:2   | Noticed Amaemon
  9665 | Lair:1   | Reached skill level 14 in Stealth
  9702 | Lair:2   | Noticed a five-headed hydra
  9852 | Lair:1   | Killed Amaemon
 10478 | Lair:2   | Killed a five-headed hydra
 10533 | Lair:2   | Identified the +1 chain mail of Compression {Fly Will+
                  | Str+4 Stlth+}
 10790 | Lair:3   | Reached XP level 12. HP: 59/65 MP: 16/16
 10804 | Lair:3   | Noticed a seven-headed hydra
 10830 | Lair:3   | Killed a six-headed hydra
 10898 | Lair:3   | Reached **** piety under Fedhas
 10927 | Lair:3   | Noticed Fannar
 10961 | Lair:3   | Killed from afar by Fannar

Illustrated notes

Levels and vault maps discovered:
D:1:      minmay_arrival_hallway, layout_loops_ring,
          chequers_ecumenical_altar_island
D:2:      layout_loops_corners, palyth_stone_intersect, minmay_pentomino_q4
D:3:      layout_loops_cross, serial_bayou, serial_bayou_shore_a,
          serial_bayou_ford_a, serial_bayou_pond_d, serial_bayou_lagoon_a
D:4:      layout_cave_pools, mainiacjoe_overflow_two_lobes, temple_doors_cd,
          uniq_pargi, uniq_eustachio, uniq_sigmund
D:5:      minmay_diamond_boxcup, layout_cave_pools, good_gods_temple_1,
          minmay_shop_enchanted_jewellery, kennysheep_boxes
D:6:      nicolae_BIG_FREAKIN_CUBE, layout_loops_cross,
          nicolae_ashenzari_skybound, uniq_edmund
D:7:      layout_basic, mainiacjoe_overflow_concentric_impassable,
          nicolae_uskayaw_dance_hall, vehumet_crystals, serial_shops, shop
D:8:      layout_cave_pods, dpeg_oklobed_lair, uniq_psyche, uniq_erica,
          uniq_pikel
Temple:   hc_temple_tempest_star
Lair:1:   layout_cave_pods, minmay_holes, lemuel_fruit_fields
Lair:2:   layout_gridlike, infiniplex_staircase_pool, grunt_megastairs_2,
          uniq_amaemon
Lair:3:   layout_roguey, elwin_shoals_entry_rooms,
          chequers_serial_rivers_room_b, serial_bayou_pond_c,
          lemuel_fruit_fields, uniq_fannar

Skill      XL: |  1  2  3  4  5  6  7  8  9 10 11 |
---------------+----------------------------------+-----
Dodging        | 3 4 5 6 8 9 11 12 | 12.9
Stealth        | 2 3 4 5 7 9 11 13 14 | 14.8
Fighting       | 2 3 4 5 6 7 8 |  8.3
Ranged Weapons | 5 6 7 8 9 10 | 10.6
Invocations    | 4 |  4.6

Action                   |  1- 3 |  4- 6 |  7- 9 | 10-12 || total
-------------------------+-------+-------+-------+-------++-------
Melee: Dagger            |       |     1 |       |       ||     1
       Long sword        |       |       |    88 |   198 ||   286
       Punch             |       |       |     1 |     7 ||     8
       Shortbow          |       |       |       |     1 ||     1
       Scimitar          |       |       |       |     2 ||     2
 Fire: Shortbow          |    98 |   160 |   276 |   403 ||   937
Invok: Wall of Briars    |       |       |       |     5 ||     5
       Grow Ballistomyce |       |       |       |     1 ||     1
  Use: Scroll            |       |     5 |     5 |     5 ||    15
       Potion            |       |     2 |       |       ||     2
 Stab: Sleeping          |       |       |       |     1 ||     1
Armor: Robe              |     2 |     2 |       |       ||     4
       Troll leather arm |       |     4 |    24 |    49 ||    77
Dodge: Dodged            |    23 |    58 |   245 |   382 ||   708

Table legend: (Time is in decaauts)
 A = Elapsed time spent in this place.
 B = Non-inter-level travel time spent in this place.
 C = Inter-level travel time spent in this place.
 D = Time resting spent in this place.
 E = Time spent auto-exploring this place.
 F = Levels seen in this place.
 G = Mean time per level.
                   A        B        C        D        E       F      G
               +--------+--------+--------+--------+--------+-----+--------+
         Total |   8013 |   7534 |    479 |    744 |   4102 |  12 |  667.8 |
       Dungeon |   6031 |   5701 |    330 |    674 |   3051 |   8 |  753.9 |
        Temple |    139 |    139 |      0 |      0 |    106 |   1 |  139.0 |
          Lair |   1842 |   1694 |    148 |     70 |    943 |   3 |  614.0 |
               +--------+--------+--------+--------+--------+-----+--------+

Top non-repeatable levels by time:
     D:2: 1050 daAuts
  Lair:1: 1037 daAuts
     D:3: 993 daAuts
     D:8: 876 daAuts
     D:4: 688 daAuts
     D:6: 684 daAuts
     D:7: 668 daAuts
  Lair:2: 645 daAuts
     D:5: 557 daAuts
     D:1: 511 daAuts
  Lair:3: 159 daAuts
  Temple: 139 daAuts
